 Dungeon Crawl Stone Soup version 0.24.1-14-gf8d2b509d9 (webtiles) character file.

Game seed: 11842796227196511697, levelgen mode: deterministic

374 Peloso the Shield-Bearer (level 6, -5/55 HPs)
             Began as a Minotaur Fighter on May 17, 2020.
             Blown up by Ijyb (28 damage)
             ... with a disintegration bolt
             ... on level 3 of the Dungeon on May 18, 2020.
             The game lasted 00:05:11 (1832 turns).

Peloso the Shield-Bearer (Minotaur Fighter)         Turns: 1832, Time: 00:05:11

Health: -5/55      AC:  7    Str: 21    XL:     6   Next: 43%
Magic:  5/5        EV:  8    Int:  5    God:
Gold:   143        SH: 11    Dex: 11    Spells: 5/5 levels left

rFire    . . .     SeeInvis .   a - +0 long sword
rCold    . . .     Gourm    .   c - +1 shield
rNeg     . . .     Faith    .   b - +0 scale mail
rPois    .         Spirit   .   (helmet restricted)
rElec    .         Reflect  .   (no cloak)
rCorr    .         Harm     .   (no gloves)
MR       .....                  (no boots)
Stlth    ..........             (no amulet)
HPRegen  0.18/turn              (no ring)
MPRegen  0.09/turn              (no ring)

@: no status effects
A: retaliatory headbutt, horns 2
a: no special abilities


You were on level 3 of the Dungeon.
You were not hungry.

You visited 1 branch of the dungeon, and saw 3 of its levels.

You collected 143 gold pieces.

Inventory:

Hand Weapons
 a - a +0 long sword (weapon)
Armour
 b - a +0 scale mail (worn)
 c - a +1 shield (worn)
Jewellery
 g - an uncursed ring of positive energy {unknown}
 i - a cursed amulet of inaccuracy {unknown}
Scrolls
 e - 3 scrolls of teleportation
 h - a scroll of identify
 k - a scroll of enchant armour
 l - a scroll of magic mapping
 n - 2 scrolls of blinking {unknown}
 r - a scroll of fear {unknown}
Potions
 d - a potion of might
 j - a potion of brilliance {unknown}
 m - a potion of lignification {unknown}
 o - a potion of invisibility {unknown}
 p - a potion of curing {unknown}
 q - a potion of mutation {unknown}
 s - a potion of berserk rage {unknown}
Comestibles
 f - 5 rations


   Skills:
 + Level 4.8 Fighting
 + Level 4.7 Long Blades
 + Level 5.2 Armour
 + Level 1.5 Dodging
 + Level 5.5 Shields


You had 5 spell levels left.
You didn't know any spells.
Your spell library was empty.

Dungeon Overview and Level Annotations

Branches:
Dungeon (3/15)

Altars:
Ru

Annotations:
D:3 Ijyb


Innate Abilities, Weirdness & Mutations

You reflexively headbutt those who attack you in melee.
You have a pair of horns on your head.


Message History

Unknown command.
You hit Ijyb. Your headbutt misses Ijyb.
Ijyb is severely wounded.
You block Ijyb's attack. Ijyb hits you but does no damage.
Unknown command.
Your shield and scale mail prevent you from hitting Ijyb.
Ijyb is severely wounded.
Ijyb hits you but does no damage.
You closely miss Ijyb.
Ijyb is severely wounded.
Ijyb hits you but does no damage.
You hit Ijyb. Your headbutt misses Ijyb.
Ijyb is severely wounded.
Ijyb hits you but does no damage.
Unknown command.
You barely miss Ijyb.
Ijyb is severely wounded.
Ijyb zaps a wand.
You are blasted!
Ouch! That really hurt!
You die...

###########
##..........
#...@g.#
#..###.#
#..#...#
#..#.#.#
#..#.#.#####.
#............
####.########
####.# #....#


You could see Ijyb.

Vanquished Creatures
  Sigmund (D:2)
  Jessica (D:2)
  Natasha (D:3)
  A worker ant (D:3)
  A hound skeleton (D:2)
  5 adders
  2 worms (D:2)
  A dart slug (D:2)
  2 leopard geckos
  4 giant cockroaches
  3 goblins
  6 hobgoblins
  13 jackals
  4 kobolds
  A quokka (D:2)
  10 bats
  9 frilled lizards
  13 rats
78 creatures vanquished.

Notes
Turn   | Place    | Note
-------+----------+-------------------------------------------
     0 | D:1      | Peloso the Minotaur Fighter began the quest for the Orb.
     0 | D:1      | Reached XP level 1. HP: 19/19 MP: 0/0
   135 | D:1      | Reached XP level 2. HP: 27/27 MP: 1/1
   525 | D:2      | Reached XP level 3. HP: 27/33 MP: 2/2
   527 | D:2      | Found a sacrificial altar of Ru.
   564 | D:2      | Noticed Sigmund
   572 | D:2      | Killed Sigmund
   572 | D:2      | Reached skill level 5 in Armour
   572 | D:2      | Reached skill level 1 in Dodging
   572 | D:2      | Reached XP level 4. HP: 27/41 MP: 3/3
   572 | D:2      | Reached XP level 5. HP: 31/47 MP: 4/4
   614 | D:2      | Noticed Jessica
   623 | D:2      | Killed Jessica
   623 | D:2      | Reached skill level 5 in Shields
  1170 | D:2      | Reached XP level 6. HP: 46/55 MP: 5/5
  1664 | D:3      | Found a faded altar of an unknown god.
  1668 | D:3      | Noticed Natasha
  1673 | D:3      | Killed Natasha
  1813 | D:3      | Noticed Ijyb
  1832 | D:3      | Blown up by Ijyb

Levels and vault maps discovered:
D:1:      ncdulo_wetmaze, layout_basic
D:2:      wad_crossroads, layout_loops_ring, old_standard_altar, uniq_sigmund,
          uniq_jessica
D:3:      layout_loops_cross, chequers_ecumenical_altar_twisty, uniq_natasha,
          uniq_ijyb

Skill      XL: |  1  2  3  4  5  6 |
---------------+-------------------+-----
Fighting       | 4 |  4.8
Shields        | 4 5 |  5.5
Armour         | 4 5 |  5.2
Long Blades    | 3 4 |  4.7
Dodging        | 1 |  1.5

Action                   |  1- 3 |  4- 6 || total
-------------------------+-------+-------++-------
Melee: Long sword        |    63 |   125 ||   188
       Headbutt          |    13 |    17 ||    30
  Use: Scroll            |     5 |       ||     5
       Potion            |     1 |       ||     1
  Eat: Chunk             |       |     3 ||     3
Armor: Scale mail        |    43 |    63 ||   106
Dodge: Dodged            |    25 |    56 ||    81
Block: Shield            |    42 |    96 ||   138
       Rpst.: Long sword |    10 |    13 ||    23
